 Dungeon Crawl Stone Soup version 0.28-b1-1-g3c77fb2ed1 (webtiles) character file.

Game seed: 3528593288184193367

2412 hawla the Skirmisher (level 9, -8/81 HPs)
             Began as a Demigod Artificer on Jan 30, 2022.
             Mangled by a hornet (13 damage)
             ... while paralysed by a hornet
             ... on level 8 of the Dungeon on Jan 31, 2022.
             The game lasted 00:35:02 (10913 turns).

hawla the Skirmisher (Demigod Artificer)           Turns: 10913, Time: 00:35:04

Health: -8/81      AC:  9    Str: 13    XL:     9   Next: 3%
Magic:  14/15      EV:  2    Int: 23    God:
Gold:   243        SH:  0    Dex: 14    Spells: 7/12 levels left

rFire   + . .      SeeInvis .   w - staff of fire
rCold   . . .      Faith    .   (no shield)
rNeg    . . .      Spirit   .   c - +0 troll leather armour
rPois   .          Reflect  .   z - +0 helmet
rElec   .          Harm     .   (no cloak)
rCorr   .          Rampage  .   k - +2 pair of gloves
Will    .....                   (no boots)
Stlth   +.........              (no amulet)
HPRegen 1.03/turn               (no ring)
MPRegen 0.14/turn               (no ring)

@: paralysed, lethally poisoned (-8 -> -21), slowed
A: high mp 1, forlorn, divine attributes, dopey 1, MP-powered wands
a: no special abilities


You were on level 8 of the Dungeon.
You visited 1 branch of the dungeon, and saw 8 of its levels.
You also visited: Sewer.

You collected 243 gold pieces.

Inventory:

Hand Weapons
 j - a +3 vampiric whip
 l - a +0 quarterstaff
Missiles
 r - 5 boomerangs
 v - 2 poisoned darts (quivered)
 y - a curare-tipped dart
Armour
 c - a +0 troll leather armour (worn)
 k - a +2 pair of gloves (worn)
 q - a +0 plate armour
 z - a +0 helmet (worn)
Magical Staves
 w - a staff of fire (weapon)
Jewellery
 h - a ring of fire
 x - a ring of positive energy
Potions
 a - a potion of brilliance
 b - 7 potions of heal wounds
 d - a potion of mutation
 f - 2 potions of cancellation
 i - a potion of berserk rage
 n - a potion of degeneration
 o - 5 potions of curing
 t - 3 potions of resistance
 A - 3 potions of invisibility
 B - 2 potions of might
 C - a potion of haste
Miscellaneous
 e - a piece from Xom's chessboard (8/15)


   Skills:
 + Level 7.8 Fighting
 + Level 3.4 Staves
 + Level 5.3 Armour
 - Level 1.0 Dodging
 - Level 1.0 Stealth
 - Level 2.0 Spellcasting
 + Level 1.0 Necromancy
 - Level 2.0 Translocations
 - Level 2.0 Fire Magic
 - Level 4.0 Evocations


You had 7 spell levels left.
You knew the following spells:

 Your Spells              Type           Power      Damage    Failure   Level
a - Blink                 Tloc           22%        N/A       11%         2
b - Vampiric Draining     Necr           7%         2d6       30%         3

Your spell library contained the following spells:

 Spells                   Type           Power      Damage    Failure   Level
 Slow                     Hex            8%         N/A       16%         1
 Gell's Gravitas          Tloc           11%        N/A       21%         3
 Lesser Beckoning         Tloc           11%        N/A       21%         3
 Teleport Other           Tloc           11%        N/A       21%         3
 Confusing Touch          Hex            2%         N/A       43%         3
 Summon Guardian Golem    Hex/Summ       2%         N/A       43%         3
 Manifold Assault         Tloc           11%        N/A       88%         5
 Orb of Destruction       Conj           1%         9d5       100%        7
 Spellforged Servitor     Conj/Summ      1%         N/A       100%        7


Dungeon Overview and Level Annotations

Branches:
Dungeon (8/15)             Temple (0/1) D:6           Sewer (visited)
   Lair: D:8-11

Annotations:
D:6 dig the spellbooks
D:8 Erica, Pikel


Innate Abilities, Weirdness & Mutations

You have an increased reservoir of magic. (+10% MP)
You shall have no god before yourself.
Your divine heritage dramatically boosts your attributes as you level up.
You are dopey. (Int -2)
You expend magic power (3 MP) to strengthen your wands.


Message History

The killer bee stings you! The killer bee barely misses you.
The killer bee stings you but does no damage.
The goblin zaps a wand.
The puff of flame hits you. You resist.
Your surroundings suddenly seem different.
The hornet barely misses you.
Erica the Fiery-Tempered comes into view.
She is wielding a +3 scimitar of flaming.
The hornet closely misses you. Erica casts a spell at you.
The bolt of poison misses you.
As you read the scroll of fog, it crumbles to dust.
The scroll dissolves into smoke.
The hornet misses you.
You make a move on Xom's chessboard...
The hornet resists with some effort.
The hornet stings you.
You feel yourself slow down. The hornet misses you.
You make a move on Xom's chessboard...
The hornet seems to speed up.
The hornet stings you but does no damage.
The hornet closely misses you. The hornet stings you!
You feel as though you will be slow longer.
You hit the hornet but do no damage. The hornet stings you!
You feel as though you will be slow longer.
The hornet stings you!
You suddenly lose the ability to move!
The hornet stings you!
You feel as though you will be slow longer.
The hornet stings you.
You feel as though you will be slow longer.
The hornet stings you.
You shrug off the repeated paralysis!
Erica hits you with a +3 scimitar of flaming!
* * * LOW HITPOINT WARNING * * *
Erica burns you.
* * * LOW HITPOINT WARNING * * *
The hornet stings you.
* * * LOW HITPOINT WARNING * * *
You are poisoned.
You feel as though you will be slow longer.
You feel very sick. The hornet stings you!
* * * LOW HITPOINT WARNING * * *
You are lethally poisoned!
You feel as though you will be slow longer.
The hornet stings you!
You die...

#####........##.#
#......#
##.>####.##.# #..#
#.##.# # #..# #....#
..##..# #.##.#
.....# #.##.#
..##.§####.##.#
.....§§§§§.##.######
.....§@@y§......(..#
##...§####.##.######
..... .....#.# ##@.
###..#.######.# ##
#............
#..#.######.# #..#.#
#..#.# #..#.#


You could see Erica and a hornet (fast).

Vanquished Creatures
  A troll (D:6)
  A golden eye (D:8)
  Duvessa (D:5)
  An orc warrior (D:7)
  An ice beast (D:5)
  A sky beast (D:7)
  2 necrophages
  4 ogres
  A bullfrog (D:7)
  A kobold brigand (D:7)
  2 scorpions (D:5)
  A wyvern zombie (D:7)
  A water moccasin zombie (D:5)
  Dowan (D:5)
  2 hounds
  A jelly (D:7)
  An orc priest (D:6)
  2 bullfrog skeletons
  A centaur skeleton (D:7)
  5 orc wizards
  3 iguanas
  A killer bee zombie (D:6)
  8 gnolls
  5 adders
  A howler monkey skeleton (D:7)
  A river rat (D:6)
  A white imp (D:7)
  An ufetubus (D:6)
  An adder skeleton (D:4)
  3 worms
  2 dart slugs
  12 orcs
  7 endoplasms
  4 giant cockroaches
  15 goblins
  15 hobgoblins
  6 jackals (D:4)
  19 kobolds
  3 quokkas
  12 ball pythons
  11 bats
  5 frilled lizards
  6 rats
173 creatures vanquished.

Vanquished Creatures (collateral kills)
  A gnoll (D:3)
  A goblin (D:4)
2 creatures vanquished.

Vanquished Creatures (others)
  2 orc wizards
  Robin (D:4)
  A gnoll (D:3)
  A worm (D:2)
  2 orcs
  2 goblins (D:4)
  3 hobgoblins
  A fungus (Sewer)
  35 plants
  4 withered plants (D:8)
52 creatures vanquished.

Grand Total: 227 creatures vanquished

Notes
Turn   | Place    | Note
-------+----------+-------------------------------------------
     0 | D:1      | hawla the Demigod Artificer began the quest for the Orb.
     0 | D:1      | Reached XP level 1. HP: 15/15 MP: 3/3
   148 | D:1      | Reached skill level 1 in Dodging
   148 | D:1      | Reached skill level 1 in Stealth
   168 | D:1      | Reached skill level 1 in Fighting
   518 | D:1      | Reached XP level 2. HP: 10/23 MP: 3/5
   933 | D:1      | Reached skill level 1 in Spellcasting
  1859 | D:2      | Reached XP level 3. HP: 28/28 MP: 6/6
  2210 | D:2      | Reached skill level 2 in Fighting
  2888 | D:3      | Reached XP level 4. HP: 34/36 MP: 8/8
  4661 | D:4      | Reached skill level 3 in Fighting
  4661 | D:4      | Reached XP level 5. HP: 14/45 MP: 9/9
  5391 | D:4      | Noticed Robin
  5408 | D:4      | Your ally Robin died
  5839 | D:5      | Entered Level 5 of the Dungeon
  5844 | D:5      | Gained mutation: You are dopey. (Int -2) [potion of
                  | mutation]
  5844 | D:5      | Gained mutation: You expend magic power (3 MP) to
                  | strengthen your wands. [potion of mutation]
  6051 | D:5      | Reached skill level 4 in Fighting
  6051 | D:5      | Reached XP level 6. HP: 34/52 MP: 6/10
  6328 | D:5      | Reached skill level 5 in Fighting
  6996 | D:5      | Reached XP level 7. HP: 54/62 MP: 11/11
  7081 | D:5      | Reached skill level 6 in Fighting
  7358 | D:5      | Noticed Dowan
  7359 | D:5      | Noticed Duvessa
  7378 | D:5      | Killed Dowan
  7386 | D:5      | Killed Duvessa
  8066 | D:5      | Reached skill level 7 in Fighting
  8069 | D:5      | Learned a level 2 spell: Blink
  8362 | D:6      | Noticed Blork the orc
  8368 | D:6      | Noticed Blork
  8368 | D:6      | Blork the orc changed into Blork the ogre
  8369 | D:6      | Killed Blork the ogre
  8369 | D:6      | Noticed a troll
  8444 | D:6      | Killed a troll
  8445 | D:6      | Reached skill level 1 in Staves
  8445 | D:6      | Reached skill level 1 in Translocations
  8445 | D:6      | Reached skill level 1 in Fire Magic
  8445 | D:6      | Reached XP level 8. HP: 47/73 MP: 2/13
  8682 | D:6      | Found a staircase to the Ecumenical Temple.
  8760 | D:6      | Found a glowing drain.
  8771 | Sewer    | Entered a sewer
  9923 | D:7      | HP: 2/73 [orc warrior (13)]
 10144 | D:7      | Reached skill level 5 in Armour
 10401 | D:7      | Learned a level 3 spell: Vampiric Draining
 10856 | D:8      | Reached skill level 1 in Necromancy
 10856 | D:8      | Reached XP level 9. HP: 81/81 MP: 15/15
 10896 | D:8      | Noticed Pikel
 10907 | D:8      | Noticed Erica
 10911 | D:8      | Paralysed by a hornet for 3 turns
 10913 | D:8      | Mangled by a hornet

Illustrated notes

Levels and vault maps discovered:
D:1:      saegor_arrival_simple_d, layout_loops_ring,
          shapermc_ecumenical_altar_notcrosses, minmay_pentomino_r2
D:2:      wad_river_or_something, layout_basic, basic_altar
D:3:      layout_loops_ring, nicolae_dithmenos_through_a_glass_darkly,
          minivault_5, grunt_ministairs_6
D:4:      kennysheep_goblin_castle, layout_basic, mainiacjoe_overflow_paths,
          ashenzari_altar_1, mainiacjoe_overflow_catwalk,
          nicolae_overflow_crystal_walls, mainiacjoe_overflow_tiny_flanked
D:5:      layout_loops_corners, nicolae_elyvilon_temple_path,
          chequers_serial_rivers_micro_d, uniq_duvessa
D:6:      layout_rooms, xom_teletrap_fun, nicolae_sif_muna_little_library,
          minmay_temple_entry_enclosed_plants, cheibrodos_sewer_entry_bend,
          serial_bayou_lagoon_a, uniq_blork_the_orc
D:7:      layout_basic, minmay_a_box_with_orc_wizards_in_it
D:8:      layout_basic, grunt_temple_overflow_growth_and_decay,
          vehumet_altar_wand_db, minmay_misc_feat_doors, uniq_pikel, uniq_erica

Skill      XL: |  1  2  3  4  5  6  7  8 |
---------------+-------------------------+-----
Dodging        | 1 |  1.0
Stealth        | 1 |  1.0
Fighting       | 1 2 3 4 5 7 |  7.8
Armour         | 2 3 4 5 |  5.3
Evocations     | 3 4 |  4.0
Spellcasting   | 1 2 |  2.0
Staves         | 1 3 |  3.4
Translocations | 1 2 |  2.0
Fire Magic     | 1 2 |  2.0
Necromancy     | 1 |  1.0

Action                   |  1- 3 |  4- 6 |  7- 9 || total
-------------------------+-------+-------+-------++-------
Melee: Club              |    75 |       |       ||    75
       Dagger            |    88 |    53 |       ||   141
       Punch             |     1 |     6 |     9 ||    16
       Whip              |       |   275 |   198 ||   473
       Staff             |       |       |   260 ||   260
Throw: Dart              |       |     8 |    19 ||    27
       Boomerang         |       |     5 |     4 ||     9
 Cast: Blink             |       |       |     3 ||     3
Evoke: Wand              |     9 |    17 |    23 ||    49
       Piece from Xom's  |     2 |     7 |    16 ||    25
  Use: Scroll            |     6 |     6 |    12 ||    24
       Potion            |       |     3 |     3 ||     6
 Stab: Petrified         |       |       |    12 ||    12
       Petrifying        |       |       |     1 ||     1
       Sleeping          |       |       |     2 ||     2
Armor: Leather armour    |    27 |       |       ||    27
       Plate armour      |    71 |   296 |    36 ||   403
       Skin              |       |    37 |     3 ||    40
       Troll leather arm |       |       |   222 ||   222
Dodge: Dodged            |    81 |    72 |   259 ||   412
